 Dungeon Crawl Stone Soup version 0.16.1-51-g6203257 (webtiles) character file.

112739 animenmaster the Executioner (level 16, -12/161 HPs)
             Began as a Minotaur Berserker on July 10, 2015.
             Was the Champion of Trog.
             Mangled by an ettin
             ... wielding a +0 dire flail
              (24 damage)
             ... on level 1 of the Depths.
             The game lasted 02:50:34 (29392 turns).

animenmaster the Executioner (Minotaur Berserker)  Turns: 29392, Time: 02:50:34

Health: -12/161    AC: 21    Str: 26    XL:     16   Next: 12%
Magic:  6/6        EV: 11    Int:  7    God:    Trog [******]
Gold:   1536       SH:  0    Dex: 14    Spells: 0 memorised, 15 levels left

rFire  x . .     SeeInvis .     x - +8 battleaxe of Eternity {drain, rN+}
rCold  + + +     Clarity  .     p - +0 ice dragon armour
rNeg   + . .     SustAb   +     (no shield)
rPois  +         Gourm    .     H - +0 hat
rElec  .         Spirit   .     T - +1 cloak {+Inv}
rCorr  .         Warding  .     (no gloves)
rMut   +         Stasis   .     h - +2 pair of boots {Fly}
MR     +....                    b - amulet of resist mutation
Stlth  ..........               C - ring of poison resistance
                                Y - ring of Redir {SustAb rC+ Dex+4}

@: exhausted, flying, slowed, very slow, somewhat resistant to hostile
enchantments, extremely unstealthy
A: retaliatory headbutt, horns 2
a: Burn Spellbooks, Berserk, Trog's Hand, Brothers in Arms, Renounce Religion,
Evoke Invisibility, Stop Flying


You were on level 1 of the Depths.
You worshipped Trog.
Trog was exalted by your worship.
You were very hungry.

You visited 5 branches of the dungeon, and saw 27 of its levels.
You also visited: Sewer, Ossuary and Ice Cave.

You collected 1630 gold pieces.
You spent 94 gold pieces at shops.

Inventory:

Hand weapons
 o - a +0 blowgun
 x - the +8 battleaxe of Eternity (weapon) {drain, rN+}
   (Trog gifted it to you on level 4 of the Lair of Beasts)

   A truly terrible weapon, it drains the life of those it strikes.
   It protects you from negative energy.
 O - a +6 antimagic battleaxe
Missiles
 e - 12 tomahawks of returning (quivered)
 q - 13 curare-tipped needles
 B - 8 tomahawks of dispersal
 U - 5 javelins of returning
Armour
 h - a +2 pair of boots of flying (worn)
 p - a +0 ice dragon armour (worn)
 H - a +0 hat (worn)
 T - a +1 cloak of invisibility (worn)
 Z - a +0 plate armour
Jewellery
 b - an amulet of resist mutation (around neck)
 k - an uncursed ring of protection from fire
 t - an uncursed amulet of resist corrosion {unknown}
 A - an uncursed ring of positive energy
 C - a ring of poison resistance (right hand)
 L - a +4 ring of dexterity {unknown}
 X - an uncursed ring of protection from fire
 Y - the ring of Redir (left hand) {SustAb rC+ Dex+4}
   (You found it on level 15 of the Dungeon)

   [ring of sustain abilities]

   It sustains your strength, intelligence and dexterity.
   It affects your dexterity (+4).
   It protects you from cold.
Magical devices
 a - a wand of slowing (26)
 f - a wand of digging (24)
 m - a wand of lightning (3)
 r - a wand of disintegration (12)
 M - a wand of draining (4)
 S - a wand of digging (19)
 W - a wand of fire (0)
Scrolls
 d - 2 scrolls of teleportation
 g - 5 scrolls of identify
 j - 2 scrolls of magic mapping
 w - a scroll of blinking
 y - 4 scrolls of fear
 E - 10 scrolls of remove curse
 I - 2 scrolls of enchant weapon
 Q - a scroll of recharging
 R - a scroll of enchant armour
 V - a scroll of holy word
Potions
 i - 2 potions of heal wounds
 l - a potion of brilliance
 s - 2 potions of haste
 z - 2 potions of restore abilities
 D - a potion of cancellation
 J - a potion of magic
 N - a potion of ambrosia
 P - 6 potions of curing
Comestibles
 c - 5 bread rations
 u - 5 meat rations
 F - 5 royal jellies


   Skills:
 + Level 19.5 Fighting
 - Level 21.0 Axes
 - Level 4.4 Throwing
 + Level 14.2 Armour
 - Level 2.1 Dodging
 - Level 0.1 Stealth
   Level 6.1 Shields


You had 15 spell levels left.
You didn't know any spells.

Dungeon Overview and Level Annotations

Branches:
Dungeon (15/15)            Temple (0/1) D:6            Lair (8/8) D:8
  Swamp (0/5) Lair:5        Snake (1/5) Lair:3        Slime (2/6) Lair:8
    Orc (0/4) D:10         Vaults (0/5) D:13         Depths (1/5) D:15

Altars:
Ashenzari
Dithmenos
Kikubaaqudgha
Makhleb
Nemelex Xobeh
Okawaru
Qazlal
Ru
Sif Muna
Trog
Vehumet
Yredelemnul
The Shining One

Shops:
D:7 (   D:10 ([(

Annotations:
Lair:8 1 runed door


Innate Abilities, Weirdness & Mutations

You reflexively headbutt those who attack you in melee.
You have a pair of horns on your head.


Message History

You are exhausted.
You feel yourself slow down.
You are feeling very hungry.
Things that are here:
a giant club x3
Unknown command.
The ettin hits you with a dire flail!
The ettin hits you with a dire flail of venom.
You slice the ettin!!
You headbutt the ettin, but do no damage.
The ettin is moderately wounded.
The ettin misses you.
The ettin hits you with a dire flail of venom!!
* * * LOW HITPOINT WARNING * * *
Read which item? (? for menu, Esc to quit)
Okay, then.
The ettin hits you with a dire flail!!
* * * LOW HITPOINT WARNING * * *
The ettin hits you with a dire flail of venom!!
You die...

#.#.......#
#.........#
#####.....#
#.#..## #.#..#
#.#..## #.#...+
#.#.###
#.#@#####+#
#.#C......# ###
#)#####.+
......##)....#
........).####
.....?.......+
............#
###............
.....#'####+#.


You could see an ettin.

Vanquished Creatures
  Rupert (D:14)
  A fire giant (Depths:1)
  Maud (D:14)
  An iron dragon (Depths:1)
  A frost giant (IceCv)
  An azure jelly (Slime:2)
  A fire dragon (Lair:8)
  A great orb of eyes (Depths:1)
  Fannar (Lair:6)
  Harold (Lair:1)
  6 hydras
  A ghost crab (shapeshifter) (D:15)
  Nessos (D:13)
  2 centaur warriors (D:15)
  Erica (D:13)
  2 dancing weapons (D:13)
  2 ogre magi
  10 death yaks
  The ghost of SlowGraham the Destroyer, an experienced HuCj of Vehumet (D:7)
  Nergalle (D:13)
  7 unseen horrors
  3 lindwurms
  An ice statue (IceCv)
  A giant orange brain (D:15)
  Pikel (D:8)
  4 hill giants
  12 ugly things
  A cyclops (D:15)
  6 black mambas
  20 elephants
  Maurice (D:8)
  2 griffons
  12 spiny frogs
  6 torpor snails (Lair:8)
  A gargoyle (D:14)
  5 komodo dragons
  A naga mage (Snake:1)
  The ghost of nicksoapdish the Changer, an experienced MfTm of Okawaru (D:4)
  6 fire drakes
  A queen ant (Lair:4)
  A redback zombie (D:14)
  3 yaktaurs (D:15)
  2 giant leeches (Lair:8)
  17 polar bears (IceCv)
  5 trolls
  A spectral harpy (D:15)
  7 two-headed ogres
  A boulder beetle (Lair:7)
  24 blink frogs
  14 slime creatures
  A snapping turtle (Lair:4)
  5 basilisks
  A trapdoor spider (D:15)
  75 yaks
  A deep elf mage (D:15)
  A wyvern (shapeshifter) (D:15)
  13 hippogriffs
  5 vampire mosquitoes
  A steam dragon (Lair:8)
  A wyvern (Lair:7)
  A mottled dragon (Lair:8)
  2 hungry ghosts
  2 wraiths
  Edmund (D:7)
  20 soldier ants (Lair:4)
  17 water moccasins
  46 wolves
  7 orc warriors
  4 porcupines
  2 black bears
  5 wasps
  2 sky beasts
  An eye of draining (D:13)
  A slave (D:8)
  A deep dwarf (shapeshifter) (D:15)
  3 ice beasts
  A boring beetle (shapeshifter) (D:15)
  A swamp drake (Lair:8)
  13 ogres
  9 centaurs
  2 phantoms
  2 necrophages
  A boring beetle (Lair:8)
  15 crocodiles
  Sigmund (D:2)
  4 brain worms (Lair:8)
  Blork the orc (D:8)
  2 big kobolds
  16 giant frogs
  A wyvern zombie (D:12)
  A wyvern skeleton (D:6)
  18 killer bees
  A water moccasin skeleton (D:7)
  6 scorpions
  3 wights
  3 electric eels
  2 crimson imps
  3 centaur zombies
  A giant frog zombie (D:5)
  A spriggan skeleton (D:9)
  A gnoll shaman (D:8)
  2 goliath beetles
  20 jellies
  Crazy Yiuf (D:1)
  A quasit (D:9)
  9 hounds
  3 centaur skeletons
  3 orc priests
  3 spectral orcs (D:13)
  15 iguanas
  14 orc wizards
  Natasha (twice) (D:6)
  28 worker ants
  14 sheep
  Ijyb (D:5)
  2 hound skeletons
  16 mummies
  2 worker ant zombies
  4 gnolls
  22 adders
  5 shadow imps
  4 giant mites
  59 river rats
  A white imp (D:6)
  15 worms (Lair:8)
  An adder skeleton (D:4)
  8 giant geckos
  21 oozes
  34 orcs
  2 ball pythons
  6 giant cockroaches
  21 hobgoblins
  17 jackals
  26 kobolds
  15 quokkas
  8 bats
  6 giant newts
  2 gnoll skeletons (Ossuary)
  13 goblins
  A goblin skeleton (Ossuary)
  2 jackal skeletons (D:4)
  2 jackal zombies
  3 kobold skeletons (Ossuary)
  An orc skeleton (Ossuary)
  2 quokka skeletons (D:4)
  17 rats
  11 rat skeletons (Ossuary)
  11 ballistomycetes
  2 bushes (Lair:8)
  28 fungi
  11 plants
1049 creatures vanquished.

Vanquished Creatures (others)
  A torpor snail (Lair:8)
  A wight (D:15)
  An orc wizard (D:7)
  3 sheep (Lair:8)
  An orc (D:10)
  A hobgoblin (D:8)
  5 giant spores
  A kobold skeleton (Ossuary)
  A bush (Lair:7)
  12 fungi
  26 plants
53 creatures vanquished.

Grand Total: 1102 creatures vanquished

Notes
Turn   | Place    | Note
--------------------------------------------------------------
     0 | D:1      | animenmaster, the Minotaur Berserker, began the quest for the Orb.
     0 | D:1      | Reached XP level 1. HP: 19/19 MP: 1/1
   115 | D:1      | Reached skill level 4 in Fighting
   115 | D:1      | Reached XP level 2. HP: 25/27 MP: 1/1
   596 | D:2      | Noticed Sigmund
   643 | D:2      | Reached XP level 3. HP: 31/33 MP: 2/2
   725 | D:2      | Noticed Crazy Yiuf
   783 | D:1      | Paralysed by Crazy Yiuf for 3 turns
   786 | D:1      | Killed Crazy Yiuf
  1172 | D:2      | Reached XP level 4. HP: 41/41 MP: 2/2
  1218 | D:2      | Found a stormy altar of Qazlal.
  1321 | D:2      | Killed Sigmund
  1321 | D:2      | Reached skill level 5 in Fighting
  1321 | D:2      | Reached skill level 5 in Axes
  1321 | D:2      | Reached XP level 5. HP: 36/48 MP: 2/2
  1370 | D:2      | Acquired Trog's second power
  1898 | D:3      | Found an iron altar of Okawaru.
  1947 | D:3      | Found a radiant altar of Vehumet.
  1981 | D:3      | Found a glowing golden altar of the Shining One.
  1981 | D:3      | Found a sacrificial altar of Ru.
  2085 | D:3      | Found a bloodstained altar of Trog.
  2086 | D:3      | Found a sparkling altar of Nemelex Xobeh.
  2228 | D:4      | Noticed nicksoapdish's ghost (experienced MfTm)
  2254 | D:4      | Killed nicksoapdish's ghost
  2254 | D:4      | Reached skill level 6 in Fighting
  2254 | D:4      | Reached skill level 5 in Armour
  2254 | D:4      | Reached XP level 6. HP: 57/58 MP: 3/3
  2268 | D:4      | Found a shadowy altar of Dithmenos.
  2271 | D:4      | Noticed an ogre
  2279 | D:4      | Noticed a phantom
  2285 | D:4      | Killed an ogre
  2285 | D:4      | Reached XP level 7. HP: 34/64 MP: 3/3
  2612 | D:4      | Killed a phantom
  2818 | D:4      | Found a glowing drain.
  2822 | Sewer    | Entered a sewer
  2830 | Sewer    | Reached skill level 7 in Fighting
  2919 | Sewer    | Found a white marble altar of Elyvilon.
  3028 | D:4      | Found a basalt altar of Yredelemnul.
  3148 | D:4      | Found an ancient bone altar of Kikubaaqudgha.
  3187 | D:5      | Entered Level 5 of the Dungeon
  3323 | D:5      | Noticed Ijyb
  3332 | D:5      | Killed Ijyb
  3526 | D:5      | Reached XP level 8. HP: 72/74 MP: 3/3
  3618 | D:5      | Found a sand-covered staircase.
  3626 | Ossuary  | Entered an ossuary
  3652 | Ossuary  | Reached skill level 8 in Fighting
  4355 | D:6      | Acquired Trog's third power
  4869 | D:6      | Reached skill level 9 in Fighting
  4875 | D:6      | Noticed Natasha
  4881 | D:6      | Killed Natasha
  4917 | D:6      | Noticed Natasha
  4925 | D:6      | Killed Natasha
  4961 | D:6      | Found a staircase to the Ecumenical Temple.
  5023 | D:6      | Reached skill level 1 in Throwing
  5093 | D:7      | Reached XP level 9. HP: 83/83 MP: 4/4
  5113 | D:7      | Found Rauveam's Antique Weapon Emporium.
  5126 | D:7      | Bought a runed war axe for 94 gold pieces
  5697 | D:7      | Found a deep blue altar of Sif Muna.
  5959 | D:7      | Found a shattered altar of Ashenzari.
  5962 | D:7      | Noticed Edmund
  5971 | D:7      | Killed Edmund
  6094 | D:7      | Found a burning altar of Makhleb.
  6220 | D:7      | Noticed SlowGraham's ghost (experienced HuCj)
  6240 | D:7      | Killed SlowGraham's ghost
  6240 | D:7      | Reached skill level 10 in Fighting
  6240 | D:7      | Reached skill level 10 in Axes
  6350 | D:8      | Found a staircase to the Lair.
  6368 | D:8      | Noticed Maurice
  6401 | D:8      | Killed Maurice
  6401 | D:8      | Reached skill level 1 in Shields
  6446 | D:8      | Reached XP level 10. HP: 77/94 MP: 4/4
  6598 | D:8      | Noticed Blork the orc
  6604 | D:8      | Killed Blork the orc
  6843 | D:8      | Noticed Pikel
  6859 | D:8      | Killed Pikel
  6859 | D:8      | Reached skill level 11 in Fighting
  7280 | D:8      | Gained mutation: You tend to lose your temper in combat. [potion of mutation]
  7280 | D:8      | Gained mutation: Scrolls take you a little longer to read. [potion of mutation]
  7280 | D:8      | Gained mutation: Space occasionally distorts in your vicinity. [potion of mutation]
  7292 | D:8      | Lost mutation: Space occasionally distorts in your vicinity. [potion of cure mutation]
  7292 | D:8      | Lost mutation: Scrolls take you a little longer to read. [potion of cure mutation]
  7292 | D:8      | Lost mutation: You tend to lose your temper in combat. [potion of cure mutation]
  7295 | Lair:1   | Entered Level 1 of the Lair of Beasts
  7597 | Lair:1   | Noticed a black mamba
  7612 | Lair:1   | Killed a black mamba
  7612 | Lair:1   | Reached skill level 5 in Shields
  7836 | Lair:1   | Noticed Harold
  7845 | Lair:1   | Killed Harold
  8014 | Lair:1   | Reached skill level 12 in Fighting
  8341 | Lair:1   | Received a gift from Trog
  8341 | Lair:1   | Reached XP level 11. HP: 63/105 MP: 4/4
  8644 | Lair:2   | Noticed a seven-headed hydra
  8657 | Lair:1   | Killed a 11-headed hydra
  8817 | Lair:2   | Reached skill level 13 in Fighting
  9082 | Lair:2   | Received a gift from Trog
  9917 | Lair:2   | Reached skill level 14 in Fighting
 10612 | Lair:3   | Found a staircase to the Snake Pit.
 10674 | Lair:3   | Reached XP level 12. HP: 52/118 MP: 1/5
 10680 | Lair:3   | HP: 3/118 [komodo dragon[the player character] (28)]
 11178 | Lair:3   | Received a gift from Trog
 11880 | Lair:3   | Reached skill level 15 in Fighting
 12070 | Lair:4   | Reached skill level 15 in Axes
 12378 | Lair:4   | Received a gift from Trog
 12379 | Lair:4   | Got a polished battleaxe {god gift}
 12380 | Lair:4   | Identified the +8 battleaxe of Eternity {drain, rN+} (Trog gifted it to you on level 4 of the Lair of Beasts)
 12509 | Lair:4   | Reached skill level 16 in Axes
 13192 | Lair:4   | Found a staircase to the Shoals.
 13197 | Lair:4   | Received a gift from Trog
 13199 | Lair:4   | Reached XP level 13. HP: 129/129 MP: 5/5
 14202 | Lair:5   | Reached skill level 17 in Axes
 14208 | Lair:5   | Found a staircase to the Swamp.
 15771 | Lair:6   | Noticed Fannar
 15792 | Lair:6   | Killed Fannar
 15792 | Lair:6   | Reached skill level 18 in Axes
 15885 | Lair:6   | Received a gift from Trog
 16561 | Lair:7   | Reached skill level 19 in Axes
 16749 | Lair:7   | Found a dark tunnel.
 17721 | Lair:7   | Reached XP level 14. HP: 124/138 MP: 5/5
 17926 | Lair:8   | Entered Level 8 of the Lair of Beasts
 18118 | Lair:8   | Received a gift from Trog
 18120 | Lair:8   | Reached skill level 20 in Axes
 18190 | Lair:8   | Found a runed door.
 18348 | Lair:8   | Lost intelligence.
 18934 | Lair:8   | Received a gift from Trog
 18935 | Lair:8   | Got a jewelled hand axe {god gift}
 18936 | Lair:8   | Identified the +9 hand axe of Ivuwedgh {drain, +Blink rPois rN+ Int+2 Dex-5} (Trog gifted it to you on level 8 of the Lair of Beasts)
 19522 | Lair:8   | Reached skill level 21 in Axes
 19887 | Lair:8   | Found a staircase to the Slime Pits.
 19918 | Slime:1  | Entered Level 1 of the Pits of Slime
 20385 | Slime:2  | Noticed an azure jelly
 20393 | Slime:2  | Killed an azure jelly
 20394 | Slime:2  | Noticed an acid blob
 20533 | Snake:1  | Entered Level 1 of the Snake Pit
 20824 | Lair:1   | Noticed a seven-headed hydra
 20834 | Lair:1   | Killed a nine-headed hydra
 21485 | D:9      | Found a runed door.
 21511 | D:9      | Received a gift from Trog
 21775 | D:9      | Identified a scroll of acquirement
 21806 | D:10     | Entered Level 10 of the Dungeon
 22018 | D:10     | Found Nuena's Antique Weapon Shop.
 22146 | D:10     | Found Waaxap's Weapon Emporium.
 22148 | D:10     | Found a staircase to the Orcish Mines.
 22149 | D:10     | Found Ecreloll's Armour Emporium.
 22468 | D:11     | Found a frozen archway.
 22485 | IceCv    | Entered an ice cave
 22613 | IceCv    | Reached skill level 10 in Armour
 22664 | IceCv    | Received a gift from Trog
 23017 | IceCv    | Reached XP level 15. HP: 145/147 MP: 6/6
 23263 | IceCv    | Noticed a frost giant
 23280 | IceCv    | Killed a frost giant
 24544 | D:12     | Found a shattered altar of Ashenzari.
 25048 | D:13     | Received a gift from Trog
 25098 | D:13     | Noticed Nergalle
 25115 | D:13     | Killed Nergalle
 25281 | D:13     | Found a gate to the Vaults.
 25317 | D:13     | Noticed Nessos
 25340 | D:13     | Killed Nessos
 25673 | D:13     | Noticed Erica
 25679 | D:13     | Killed Erica
 26498 | D:14     | Noticed Rupert
 26518 | D:14     | Killed Rupert
 27157 | D:15     | Entered Level 15 of the Dungeon
 27157 | D:15     | Noticed Maud
 27166 | D:14     | Killed Maud
 27809 | D:15     | Got a faintly glowing wooden ring
 28153 | D:15     | Received a gift from Trog
 28321 | D:15     | Identified the ring of Redir {SustAb rC+ Dex+4} (You found it on level 15 of the Dungeon)
 28404 | D:15     | Received a gift from Trog
 28856 | D:15     | Reached XP level 16. HP: 97/160 MP: 6/6
 29067 | D:15     | Found a staircase to the Depths.
 29076 | Depths:1 | Entered Level 1 of the Depths
 29392 | Depths:1 | Mangled by an ettin

Action                   |  1- 3 |  4- 6 |  7- 9 | 10-12 | 13-15 | 16-18 || total
-------------------------+-------+-------+-------+-------+-------+-------++-------
Melee: Hand axe          |    56 |   141 |    95 |       |       |       ||   292
       Broad axe         |       |       |   199 |       |       |       ||   199
       War axe           |       |       |   121 |   230 |       |       ||   351
       Battleaxe         |       |       |       |   401 |  1174 |    41 ||  1616
Throw: Javelin           |       |       |     6 |    11 |     3 |       ||    20
Invok: Berserk           |       |     2 |     1 |     3 |     4 |     1 ||    11
       Burn Spellbooks   |       |       |     1 |     1 |     7 |       ||     9
Evoke: Wand              |       |       |       |       |     6 |       ||     6
  Use: Scroll            |       |     8 |     6 |     4 |    10 |       ||    28
       Potion            |       |     4 |     1 |    11 |     6 |       ||    22
  Eat: Chunk             |       |     5 |    15 |    26 |    44 |     1 ||    91
       Pizza             |       |       |     1 |       |     1 |       ||     2
       Beef jerky        |       |       |       |       |     1 |       ||     1
       Fruit             |       |       |       |       |     3 |       ||     3
       Bread ration      |       |       |       |       |     1 |       ||     1
